 Dungeon Crawl Stone Soup version 0.19.4-8-ga85b6b9 (webtiles) character file.

73 Naow the Firebug (level 4, -5/24 HPs)
             Began as a Deep Elf Fire Elementalist on Feb 11, 2017.
             Killed by divine providence
             ... invoked by an orc priest
              (15 damage)
             ... on level 3 of the Dungeon.
             The game lasted 00:01:38 (1822 turns).

Naow the Firebug (Deep Elf Fire Elementalist)       Turns: 1822, Time: 00:01:39

Health: -5/24      AC:  2    Str:  5    XL:     4   Next: 8%
Magic:  0/11       EV: 13    Int: 21    God:
Gold:   83         SH:  0    Dex: 15    Spells: 3 memorised, 4 levels left

rFire  . . .     SeeInvis .     (no weapon)
rCold  . . .     Gourm    .     a - +0 robe
rNeg   . . .     Faith    .     (no shield)
rPois  .         Spirit   .     (no helmet)
rElec  .         Reflect  .     (no cloak)
rCorr  .         Harm     .     (no gloves)
MR     .....                    (no boots)
Stlth  ++........               (no amulet)
                                (no ring)
                                (no ring)

@: very slightly contaminated
A: no striking features
a: no special abilities


You were on level 3 of the Dungeon.
You were not hungry.

You visited 1 branch of the dungeon, and saw 3 of its levels.

You collected 83 gold pieces.

Inventory:

Armour
 a - a +0 robe (worn)
Scrolls
 d - 2 scrolls of immolation {unknown}
 e - 2 scrolls of identify {unknown}
 g - a scroll of magic mapping {unknown}
 h - 4 scrolls of remove curse {unknown}
 j - 2 scrolls of teleportation {unknown}
Potions
 i - a potion of cancellation {unknown}
 l - a potion of ambrosia {unknown}
 n - a potion of haste {unknown}
Books
 b - a book of Flames

   Spells                             Type                      Level
   a - Flame Tongue                   Conjuration/Fire             1
   b - Throw Flame                    Conjuration/Fire             2
   c - Conjure Flame                  Conjuration/Fire             3
   d - Inner Flame                    Hexes/Fire                   3
   e - Sticky Flame                   Conjuration/Fire             4
   f - Fireball                       Conjuration/Fire             5
Comestibles
 c - a bread ration
 f - 4 fruits
 k - a beef jerky
 m - a chunk of flesh


   Skills:
 - Level 2.4 Dodging
 - Level 2.4 Stealth
 + Level 3.8 Spellcasting
 + Level 3.1 Conjurations
 + Level 4.0 Fire Magic


You had 4 spell levels left.
You knew the following spells:

 Your Spells              Type           Power        Failure   Level  Hunger
a - Flame Tongue          Conj/Fire      ###..        2%          1    None
b - Throw Flame           Conj/Fire      ###...       4%          2    #......
c - Conjure Flame         Conj/Fire      ###.....     10%         3    ###....


Dungeon Overview and Level Annotations

Branches:
Dungeon (3/15)

Altars:
Dithmenos
Hepliaklqana
Makhleb


Message History

You kill the orc!
The orc priest looks braver for a moment.
Casting: Flame Tongue
Confirm with . or Enter, or press ? or * to list all spells.
Aiming: Flame Tongue
Press: ? - help, Shift-Dir - straight line, f - orc
Aim: an orc, wielding a short sword of protection and wearing a leather armour The flame tongue hits the orc.
The orc appears unharmed.
The orc hits you with a short sword of protection.
Casting: Flame Tongue
Confirm with . or Enter, or press ? or * to list all spells.
Aiming: Flame Tongue
Press: ? - help, Shift-Dir - straight line, f/p - orc
Aim: an orc, wielding a short sword of protection and wearing a leather armour The flame tongue hits the orc.
The orc appears unharmed.
The orc hits you with a short sword of protection.
The orc priest calls down the wrath of Beogh upon you.
Beogh smites you!
Ouch! That really hurt!
You die...

#........####.#.#
#####.##........#
#.#######.###
#.#####.# #.#
#......<# #.#
######### #.# ....
..# ####..#### #.#
......o@.# #.#
.###.o##.###.## ###
#. #....).## ##.# ..
###.....# ##.#. ##
##...######.###
#.######........## #
#.
#........#######.###
#.## ########<#
##.#> ...### ##'##
##.#


You could see an orc priest and an orc.

Vanquished Creatures
  2 adders
  An ooze (D:1)
  A worm (D:2)
  A dart slug (D:2)
  A leopard gecko (D:3)
  An orc (D:3)
  3 giant cockroaches
  A goblin (D:2)
  6 hobgoblins
  A quokka (D:3)
  4 bats
  6 frilled lizards
  10 kobolds
  11 rats
49 creatures vanquished.

Notes
Turn   | Place    | Note
-------+----------+-------------------------------------------
     0 | D:1      | Naow the Deep Elf Fire Elementalist began the quest for the Orb.
     0 | D:1      | Reached XP level 1. HP: 10/10 MP: 6/6
   152 | D:1      | Reached XP level 2. HP: 15/15 MP: 4/8
   158 | D:1      | Learned a level 2 spell: Throw Flame
   778 | D:2      | Reached XP level 3. HP: 19/19 MP: 0/10
   892 | D:2      | Learned a level 3 spell: Conjure Flame
   935 | D:2      | Found a hazy altar of Hepliaklqana.
  1274 | D:2      | Found a faded altar of an unknown god.
  1274 | D:2      | Found a faded altar of an unknown god.
  1280 | D:2      | Found a faded altar of an unknown god.
  1282 | D:2      | Found a burning altar of Makhleb.
  1318 | D:2      | Found a shadowy altar of Dithmenos.
  1644 | D:3      | Reached skill level 4 in Fire Magic
  1719 | D:3      | Reached XP level 4. HP: 23/24 MP: 8/11
  1822 | D:3      | Killed from afar by an orc priest

Skill      XL: |  1  2  3 |
---------------+----------+-----
Conjurations   | 2 3 |  3.1
Fire Magic     | 4 |  4.0
Dodging        | |  2.4
Stealth        | |  2.4
Spellcasting   | |  3.8

Action                   |  1- 3 |  4- 6 || total
-------------------------+-------+-------++-------
Melee: Unarmed           |     5 |       ||     5
 Cast: Flame Tongue      |    67 |    11 ||    78
       Throw Flame       |     7 |     1 ||     8
  Eat: Chunk             |     3 |       ||     3
Armor: Robe              |     7 |       ||     7
Dodge: Dodged            |    22 |       ||    22
